AoeStats
← Lord_Wilfredo

Arena

509565480Analyzed
4v4 RM · 4d ago on Sep 27, 2026· 43m 14s· 8 players
Game mode
Random Map
Map size
Large (8 player)
Population
200
Speed
Normal
Resources
Standard
Victory
Conquest
Starting age
Dark Age
Ending age
Imperial Age
RankedLock teamsTeams togetherTeam positionsShared explorationLock speedFull tech treeHidden civsTurbo modeCheats
Victory
Defeat
🇷🇺 Bulgarians · Russia
1465
+13
🇲🇩 Saracens · Moldova
1444
+14
🇨🇳 Cumans · China
1285
+20
🇨🇳 Varangians · China
1260
+22
🇨🇳 Mongols · China
1412
-18
🇨🇳 Danes · China
1400
-18
🇭🇰 Khmer · Hong Kong SAR China
1376
-17
🇦🇷 Britons · Argentina
1359
-16
虫
11:46 Feudal Age
15:24 Castle Age
13:50 Double-Bit Axe
13:52 Horse Collar
19:16 Wheelbarrow
22:38 Hand Cart
24:29 Arson
24:05 Pikeman
Lord_Wilfredo
10:57 Feudal Age
11:52 Loom
16:07 Castle Age
14:45 Double-Bit Axe
14:43 Horse Collar
16:12 Fletching
17:15 Bow Saw
26:23 Town Watch
28:20 Gold Mining
28:52 Bodkin Arrow
30:04 Wheelbarrow
35:27 Imperial Age
35:42 Imperial Age
37:49 Chemistry
38:24 Bracer
38:25 Padded Archer Armor
39:27 Ballistics
39:28 Pikeman
40:09 Squires
40:18 Halberdier
Mr.Robin
10:07 Feudal Age
10:45 Double-Bit Axe
13:55 Castle Age
12:23 Horse Collar
15:03 Bow Saw
19:42 Wheelbarrow
18:55 Town Watch
20:41 Heavy Plow
22:30 Gold Mining
22:45 Loom
23:52 Hand Cart
23:37 Stone Mining
25:07 Gold Shaft Mining
28:07 Imperial Age
26:09 Scale Mail Armor
26:19 Forging
27:23 Squires
29:05 Chain Mail Armor
29:26 Iron Casting
28:13 Elite Varangian Guard
28:27 Onager
30:43 Siege Engineers
32:06 Conscription
32:45 Plate Mail Armor
33:16 Blast Furnace
34:24 Chemistry
35:22 Fletching
39:25 Masonry
40:08 Siege Onager
44:08 Hoardings
300P 4V4
9:11 Feudal Age
14:13 Castle Age
13:22 Double-Bit Axe
14:24 Loom
15:45 Bow Saw
20:50 Wheelbarrow
24:40 Horse Collar
25:33 Heavy Plow
26:29 Gold Mining
26:47 Stone Mining
28:22 Hand Cart
33:11 Imperial Age
31:21 Gold Shaft Mining
31:14 Fletching
32:23 Stone Shaft Mining
32:17 Bodkin Arrow
32:51 Padded Archer Armor
32:57 Scale Barding Armor
33:13 Ballistics
33:40 Elite Mangudai
35:10 Thumb Ring
35:58 Conscription
35:46 Bracer
37:27 Chemistry
36:47 Bloodlines
37:17 Leather Archer Armor
37:22 Chain Barding Armor
37:07 Husbandry
36:57 Light Cavalry
38:28 Parthian Tactics
38:16 Forging
38:28 Hussar
42:17 Iron Casting
41:04 Heavy Cavalry Archer
Mony
10:31 Feudal Age
15:08 Castle Age
14:01 Double-Bit Axe
15:53 Fletching
17:28 Crossbowman
25:01 Bodkin Arrow
27:39 Bow Saw
28:07 Wheelbarrow
31:59 Imperial Age
32:43 Bracer
32:04 Arbalester
34:00 Chemistry
33:21 Ballistics
38:04 Gold Mining
YuriiVegas
7:56 Loom
9:54 Feudal Age
14:16 Castle Age
12:31 Stone Mining
12:53 Double-Bit Axe
15:04 Fletching
16:15 Bodkin Arrow
17:57 Bow Saw
21:43 Horse Collar
24:49 Wheelbarrow
27:11 Masonry
27:15 Gold Mining
28:29 Hand Cart
28:52 Gold Shaft Mining
30:35 Scale Barding Armor
31:57 Chain Barding Armor
35:32 Imperial Age
34:01 Stirrups
34:29 Forging
35:25 Iron Casting
35:13 Bloodlines
36:18 Bracer
37:32 Siege Engineers
38:46 Plate Barding Armor
39:25 Elite Konnik
41:32 Blast Furnace
41:28 Husbandry
42:31 Town Watch
43:42 Heavy Plow
TwT
10:45 Feudal Age
14:41 Castle Age
12:54 Double-Bit Axe
23:48 Horse Collar
25:37 Wheelbarrow
28:52 Imperial Age
26:53 Bloodlines
26:43 Gold Mining
26:59 Stone Mining
27:37 Scale Barding Armor
28:32 Stone Shaft Mining
28:27 Husbandry
29:46 Forging
29:57 Chain Barding Armor
30:00 Conscription
29:24 Vendel Legacy
30:49 Heavy Plow
31:04 Bow Saw
32:51 Hand Cart
32:22 Loom
32:00 Elite Jarl
33:43 Iron Casting
33:44 Plate Barding Armor
36:16 Blast Furnace
41:12 Ballistics
41:52 Chemistry
40:58 Siege Engineers
XY
8:49 Feudal Age
9:36 Double-Bit Axe
9:34 Horse Collar
21:19 Castle Age
19:37 Gold Mining
20:28 Scale Barding Armor
20:34 Forging
21:27 Bloodlines
21:55 Capped Ram
28:57 Wheelbarrow
28:07 Loom
28:41 Bow Saw
28:56 Heavy Plow
30:30 Chain Barding Armor
31:35 Hand Cart
34:07 Iron Casting
34:10 Gold Shaft Mining
37:09 Imperial Age
35:55 Stone Mining
37:47 Cavalier
40:19 Paladin
41:47 Crop Rotation
42:22 Two-Man Saw
Connection lost

Rejoining the realm…

Still unreachable

The connection could not be restored.

Session expired

The server has moved on; the page needs a fresh start.